wizbiz, neutral female human Wizard + # # # ### # --.------- |........|# |........-# # |........|##########################@########` |.........############ #-------.- |........| ........| ---------- |.......+ |...<...| --------- wizbiz the Evoker Experience level: 2 Strength: 10 Dexterity: 13 Constitution: 17 Intelligence: 18 Wisdom: 12 Charisma: 10 Health: 23(23) Energy: 18(18) Def: 2 Gold: 317 Moves: 1636 Dungeon seed: -ayA6UZINqUm2h5- Game ID: wizbiz_1525919623 Your Inventory: Coins $ - 317 gold pieces Weapons a - a blessed +2 quarterstaff (weapon in hands) p - a blessed +0 arrow q - a +0 dart Armor e - an uncursed +0 cloak of magic resistance (being worn) r - a blessed +0 orcish helm Comestibles o - an uncursed food ration s - 2 uncursed eggs Scrolls j - an uncursed scroll of gold detection k - 2 uncursed scrolls of identify w - an uncursed scroll of confuse monster Spellbooks l - a blessed spellbook of force bolt m - an uncursed spellbook of knock Potions g - an uncursed potion of fruit juice h - an uncursed potion of booze u - an uncursed potion of sleeping v - a cursed potion of extra healing z - a cursed potion of gain energy Rings c - an uncursed +2 ring of adornment d - an uncursed +1 ring of protection (on left hand) Wands b - a wand of undead turning (0:8) Tools x - an uncursed tin whistle E - an uncursed skeleton key Gems n - an uncursed worthless piece of violet glass Spells and supernatural/magical abilities: Name Level Category Fail Memory a - force bolt 1 attack 0% 92% k - knock 1 matter 0% 92% W - pray for help -- divine ? -- Your skills at the end: Fighting Skills Weapon Skills quarterstaff [Basic] Spellcasting Skills attack spells [Basic] enchantment spells [Basic] Final Attributes: You were nominally aligned. You were magic-protected. You were protected. You survived. Vanquished creatures: a shrieker a gas spore a brown mold a green mold 6 jackals a goblin 9 grid bugs 4 lichens 7 newts 31 creatures vanquished. Voluntary challenges: You were an atheist. You used a wielded weapon 24 times, starting on turn 74. You read items or engraved 1 time, starting on turn 3. You never genocided any monsters. You never polymorphed an object. You never changed form. You used no wishes. You never split a pudding. You never wrote Elbereth's name. You never violated your personal moral code. Dungeon overview: The Dungeons of Doom: levels 1 to 4 Level 1 a long staircase Level 2 Level 3 Level 4 <- You were here History has recorded: On T:1 you entered the Dungeons of Doom to retrieve the Amulet of Yendor! On T:261 you reached level 2 of The Dungeons of Doom. On T:812 you reached level 3 of The Dungeons of Doom. On T:1315 you advanced to experience level 2. On T:1413 you reached level 4 of The Dungeons of Doom. Score breakdown: Gold: 317 ( 8512 points) Experience: 2 levels ( 5570 points) Exploration: 4 levels ( 8.00%) ( 7423 points) Discoveries: 1 item ( 0.35%) ( 1770 points) Valuables value: (no points given unless you survive) Artifact value: 0 ( 0 points) Variety of kills: 9 monsters ( 2.36%) ( 4610 points) Turncount: 1636 turns ( 0 points) Survival: quit (score multiplied by 90%) Total score: 25096 Latest messages: The newt bites! You kill the newt! You see here a newt corpse. You miss the lichen. A lichen blocks your way. You miss the lichen. You kill the lichen! The kitten eats a newt corpse. Never mind. Nowhere else around here can be automatically explored. (2x) Where do you want to travel to? You displace your kitten. You see here a brown mold corpse. (2x) You stop exploring. The grid bug bites! You kill the grid bug! You stop exploring. The grid bug bites! You kill the grid bug! $ - 6 gold pieces. You displace your kitten. An acid blob blocks your way. (3x) You are beginning to feel hungry. You stop exploring. Final status: Goodbye wizbiz the Wizard, quit... You quit in The Dungeons of Doom on dungeon level 4 with 25096 points, and 317 pieces of gold, after 1636 moves. You were level 2 with a maximum of 23 hit points when you quit.